 Dungeon Crawl Stone Soup version 0.30-a0-937-ga0a21ad780 (webtiles) character file.

Game seed: 12126150956362016536

53 Nyon the Skirmisher (level 3, -2/31 HPs)
             Began as a Gnoll Hunter on Mar 25, 2023.
             Slain by Ijyb
             ... wielding a +1 dagger of speed
              (5 damage)
             ... on level 3 of the Dungeon.
             The game lasted 00:03:04 (773 turns).

Nyon the Skirmisher (Gnoll Hunter)                   Turns: 773, Time: 00:03:04

Health: -2/31      AC:  0    Str: 10    XL:     3   Next: 89%
Magic:  4/4        EV: 16    Int:  8    God:
Gold:   50         SH:  0    Dex: 17    Spells: 4/4 levels left

rFire   . . .      SeeInvis .    a - melded +0 shortbow
rCold   . . .      Faith    .    (shield currently unavailable)
rNeg    . . .      Spirit   .    c - melded +0 leather armour
rPois   .          Reflect  .    (helmet currently unavailable)
rElec   .          Rampage  .    (cloak currently unavailable)
rCorr   .                        (gloves currently unavailable)
Will    .....                    h - melded +0 pair of boots
Stlth   ++                       (no amulet)
HPRegen 0.25/turn                g - melded +6 ring of strength
MPRegen 0.09/turn                (ring currently unavailable)

@: pig-form (expiring), very quick
A: fast, no casting, small, (fangs 1), strong nose, distributed training
a: no special abilities


You were on level 3 of the Dungeon.
You were a filthy swine.
You visited 1 branch of the dungeon, and saw 3 of its levels.

You collected 50 gold pieces.

Inventory:

Hand Weapons
 a - a +0 shortbow (melded)
Armour
 c - a +0 leather armour (melded)
 h - a +0 pair of boots (melded)
Jewellery
 g - a +6 ring of strength (melded)


   Skills:
 + Level 4.6 Fighting
 + Level 1.0 Short Blades
 + Level 1.0 Long Blades
 + Level 1.0 Axes
 + Level 1.0 Maces & Flails
 + Level 1.0 Polearms
 + Level 1.0 Staves
 + Level 8.5 Ranged Weapons
 + Level 1.0 Throwing
 + Level 1.0 Armour
 + Level 4.6 Dodging
 + Level 2.5 Stealth
 + Level 1.0 Shields
 + Level 1.0 Unarmed Combat
 + Level 1.0 Spellcasting
 + Level 0.7 Conjurations
 + Level 0.7 Hexes
 + Level 0.7 Summonings
 + Level 0.7 Necromancy
 + Level 0.7 Translocations
 + Level 0.7 Transmutations
 + Level 0.7 Fire Magic
 + Level 0.7 Ice Magic
 + Level 0.7 Air Magic
 + Level 0.7 Earth Magic
 + Level 0.7 Poison Magic
 + Level 1.1 Invocations
 + Level 1.0 Evocations


You had 4 spell levels left.
You didn't know any spells.
Your spell library contained the following spells:

 Spells                   Type           Power      Damage    Failure   Level
 Kiss of Death            Conj/Necr      4%         2d5       28%         1
 Slow                     Hex            4%         N/A       28%         1
 Confusing Touch          Hex            1%         N/A       65%         3
 Vampiric Draining        Necr           1%         2d6       65%         3
 Dispel Undead            Necr           1%         3d6       96%         4


Dungeon Overview and Level Annotations

Branches:
Dungeon (3/15)

Altars:
The Shining One

Annotations:
D:3 Ijyb


Innate Abilities, Weirdness & Mutations

You are a filthy swine.
You move quickly.
Your equipment is almost entirely melded.
You are incapable of wielding weapons or throwing items.
You cannot cast spells.
((You have very sharp teeth.))
Your uncanny sense of smell can sniff out nearby items.
Your experience applies equally to all skills.


Message History

Ijyb is heavily wounded.
Ijyb misses you.
You hit Ijyb but do no damage.
Ijyb is heavily wounded.
Ijyb completely misses you. Ijyb misses you.
You hit Ijyb but do no damage.
Ijyb is heavily wounded.
Ijyb hits you with a +1 dagger of speed.
You closely miss Ijyb.
Ijyb is heavily wounded.
Ijyb misses you.
Ijyb hits you with a +1 dagger of speed.
You hit Ijyb.
Ijyb is heavily wounded.
Ijyb barely misses you.
You closely miss Ijyb.
Ijyb is heavily wounded.
Ijyb closely misses you. Ijyb misses you.
You closely miss Ijyb.
Ijyb is heavily wounded.
Ijyb misses you.
You hit Ijyb.
Ijyb is severely wounded.
Ijyb misses you.
You hit Ijyb.
Ijyb is severely wounded.
Ijyb hits you with a +1 dagger of speed.
You closely miss Ijyb.
Ijyb is severely wounded.
Ijyb hits you with a +1 dagger of speed. x2
* * * LOW HITPOINT WARNING * * *
You barely miss Ijyb.
Ijyb is severely wounded.
Ijyb hits you with a +1 dagger of speed.
* * * LOW HITPOINT WARNING * * *
You barely miss Ijyb.
Ijyb is severely wounded.
Your transformation is almost over.
Ijyb hits you with a +1 dagger of speed.
You die...

#####..#####
#..†#......#
#.#.#..###.#######
#.#.#..###....†..)
#.#...........####
#.###.........# ∆
#.# #.#########
####.##.# #.#
.....Sgh# #.#
.###$#### #.# .. ∆
†.. ## ∆..#


You could see Ijyb and a ball python.

Vanquished Creatures
  2 adders
  A worm (D:3)
  3 orcs (D:3)
  3 ball pythons
  2 bats
  4 endoplasms
  A giant cockroach (D:1)
  A goblin (D:2)
  7 hobgoblins
  A frilled lizard (D:2)
  A kobold (D:2)
  A rat (D:2)
27 creatures vanquished.

Notes
Turn   | Place    | Note
-------+----------+-------------------------------------------
     0 | D:1      | Nyon the Gnoll Hunter began the quest for the Orb.
     0 | D:1      | Reached XP level 1. HP: 20/20 MP: 1/1
   167 | D:1      | Reached XP level 2. HP: 26/26 MP: 2/2
   168 | D:1      | You fall into a shaft and drop 1 floor!
   369 | D:2      | Reached XP level 3. HP: 20/31 MP: 3/3
   544 | D:2      | Found a glowing golden altar of the Shining One.
   707 | D:3      | Reached skill level 1 in Invocations
   748 | D:3      | Reached skill level 1 in Short Blades
   748 | D:3      | Reached skill level 1 in Long Blades
   748 | D:3      | Reached skill level 1 in Axes
   748 | D:3      | Reached skill level 1 in Maces & Flails
   748 | D:3      | Reached skill level 1 in Polearms
   748 | D:3      | Reached skill level 1 in Staves
   748 | D:3      | Reached skill level 1 in Throwing
   748 | D:3      | Reached skill level 1 in Armour
   748 | D:3      | Reached skill level 1 in Shields
   748 | D:3      | Reached skill level 1 in Unarmed Combat
   748 | D:3      | Reached skill level 1 in Spellcasting
   748 | D:3      | Reached skill level 1 in Evocations
   753 | D:3      | Noticed Ijyb
   773 | D:3      | Slain by Ijyb

Illustrated notes

Levels and vault maps discovered:
D:1:      dpeg_arrival_fog, layout_loops_ring
D:2:      layout_rooms, basic_altar
D:3:      layout_basic, regret_index_temple_of_mockery,
          kennysheep_generic_room_6, uniq_ijyb, uniq_natasha

Skill      XL: |  1  2  3 |
---------------+----------+-----
Invocations    | 1 |  1.1
Short Blades   | 1 |  1.0
Long Blades    | 1 |  1.0
Axes           | 1 |  1.0
Maces & Flails | 1 |  1.0
Polearms       | 1 |  1.0
Staves         | 1 |  1.0
Throwing       | 1 |  1.0
Armour         | 1 |  1.0
Shields        | 1 |  1.0
Unarmed Combat | 1 |  1.0
Spellcasting   | 1 |  1.0
Evocations     | 1 |  1.0
Fighting       | |  4.6
Ranged Weapons | |  8.5
Dodging        | |  4.6
Stealth        | |  2.5
Conjurations   | |  0.7
Hexes          | |  0.7
Summonings     | |  0.7
Necromancy     | |  0.7
Translocations | |  0.7
Transmutations | |  0.7
Fire Magic     | |  0.7
Ice Magic      | |  0.7
Air Magic      | |  0.7
Earth Magic    | |  0.7
Poison Magic   | |  0.7

Action                     || total
---------------------------++-------
  Melee: Unarmed           ||    13
   Fire: Shortbow          ||    68
    Use: Scroll            ||     8
         Potion            ||     1
 Armour: Leather armour    ||     2
  Dodge: Dodged            ||    27

Table legend: (Time is in decaauts)
 A = Elapsed time spent in this place.
 B = Non-inter-level travel time spent in this place.
 C = Inter-level travel time spent in this place.
 D = Time resting spent in this place.
 E = Time spent auto-exploring this place.
 F = Levels seen in this place.
 G = Mean time per level.
                   A        B        C        D        E       F      G
               +--------+--------+--------+--------+--------+-----+--------+
         Total |    778 |    778 |      0 |      0 |    605 |   3 |  259.3 |
       Dungeon |    778 |    778 |      0 |      0 |    605 |   3 |  259.3 |
               +--------+--------+--------+--------+--------+-----+--------+

Top non-repeatable levels by time:
     D:2: 524 daAuts
     D:1: 168 daAuts
     D:3: 85 daAuts
